 Dungeon Crawl Stone Soup version 0.21-a0-94-gdd6ab6a (webtiles) character file.

50 Lavandula the Vexing (level 3, -3/26 HPs)
             Began as a Mummy Arcane Marksman on July 2, 2017.
             Slain by a slave (7 damage)
             ... led by Pikel
             ... on level 3 of the Dungeon.
             The game lasted 00:04:10 (716 turns).

Lavandula the Vexing (Mummy Arcane Marksman)         Turns: 716, Time: 00:04:10

Health: -3/26      AC:  3    Str: 13    XL:     3   Next: 55%
Magic:  5/5        EV: 12    Int: 12    God:
Gold:   77         SH:  0    Dex: 13    Spells: 1/4 levels left

rFire    x . .     SeeInvis .   j - +4 mace (drain)
rCold    + . .     Gourm    .   (no shield)
rNeg     + + +     Faith    .   n - +0 leather armour
rPois    ∞         Spirit   .   (no helmet)
rElec    .         Reflect  .   (no cloak)
rCorr    +         Harm     .   (no gloves)
MR       .....                  (no boots)
Stlth    +.........             (no amulet)
HPRegen  0.08/turn              o - ring of resist corrosion
MPRegen  0.09/turn              (no ring)

@: no status effects
A: no food or potions, fire vulnerability, cold resistance 1, negative energy
resistance 3, torment resistance, unbreathing
a: no special abilities


You were on level 3 of the Dungeon.
You were not hungry.

You visited 1 branch of the dungeon, and saw 4 of its levels.

You collected 77 gold pieces.

Inventory:

Hand Weapons
 a - a +0 hand crossbow
 i - a +0 short sword
 j - a +4 mace of draining (weapon)
 k - a +2 dagger of freezing
Missiles
 d - 44 bolts
 f - a throwing net (quivered)
Armour
 e - a +0 robe
 n - a +0 leather armour (worn)
Jewellery
 o - a ring of resist corrosion (left hand)
Wands
 l - a wand of disintegration (1/24)
Scrolls
 b - a scroll of enchant armour {unknown}
 g - a scroll of remove curse
 h - a scroll of enchant weapon {unknown}
 m - a scroll of teleportation {unknown}
 p - a scroll of recharging {unknown}
 q - a scroll of noise {unknown}
 r - a scroll of amnesia {unknown}
Books
 c - a book of Debilitation

   Spells                             Type                      Level
   a - Corona                         Hexes                        1
   b - Slow                           Hexes                        2
   c - Inner Flame                    Hexes/Fire                   3
   d - Portal Projectile              Hexes/Translocation          3
   e - Cause Fear                     Hexes                        4
   f - Leda's Liquefaction            Hexes/Earth                  4


   Skills:
 - Level 1.0 Fighting
 + Level 1.8 Maces & Flails
 - Level 2.0 Crossbows
 - Level 1.7 Dodging
 - Level 1.3 Spellcasting
 - Level 3.0 Hexes


You had one spell level left.
You knew the following spells:

 Your Spells              Type           Power        Failure   Level  Hunger
a - Corona                Hex            #......      11%         1    N/A
b - Slow                  Hex            #.......     16%         2    N/A

Dungeon Overview and Level Annotations

Branches:
Dungeon (4/15)
 Temple: D:4-7

Altars:
Nemelex Xobeh

Annotations:
D:4 Pikel


Innate Abilities, Weirdness & Mutations

You do not eat or drink.
Your flesh is vulnerable to fire.
You are immune to poison.
Your flesh is cold resistant. (rC+)
You are immune to negative energy. (rN+++)
You are immune to unholy pain and torment.
You can survive without breathing.


Message History

The ooze hits you. The slave hits you! The ooze hits you.
You sock the ooze!
You kill the ooze!
The slave closely misses you.
Found a bread ration.
The slave barely misses you.
You sock the slave! You drain the slave!
The slave is severely wounded.
The slave hits you.
You closely miss the slave.
The slave is severely wounded.
The slave barely misses you.
You closely miss the slave.
The slave is severely wounded.
The slave hits you.
* * * LOW HITPOINT WARNING * * *
You closely miss the slave.
The slave is severely wounded.
The slave hits you!
You die...

#.###.###.#..........# #
#.# #.#.###...#..#
#>###.#.###...#....
#.............# ##.
#####.#.####..# #
#.#.####..#.##.#
%.#............#
#########p####### #@#
#.# ######### #.#######
........# #........
.######.########.#######
.###.........)....#
.##...#.######.....#
.#......# ##...##
........# ##.##


You could see a slave.

Vanquished Creatures
  An adder (D:2)
  2 oozes
  A worm (D:2)
  3 leopard geckos
  An orc (D:3)
  A giant cockroach (D:2)
  2 hobgoblins
  3 kobolds
  A quokka (D:1)
  5 bats
  2 frilled lizards
  2 goblins
  3 rats
27 creatures vanquished.

Notes
Turn   | Place    | Note
-------+----------+-------------------------------------------
     0 | D:1      | Lavandula the Mummy Arcane Marksman began the quest for the Orb.
     0 | D:1      | Reached XP level 1. HP: 15/15 MP: 2/2
   160 | D:1      | Reached skill level 3 in Hexes
   177 | D:1      | Reached XP level 2. HP: 21/21 MP: 4/4
   333 | D:2      | Reached skill level 1 in Maces & Flails
   342 | D:2      | Reached XP level 3. HP: 26/26 MP: 3/5
   412 | D:2      | Found a sparkling altar of Nemelex Xobeh.
   494 | D:2      | Learned a level 2 spell: Slow
   690 | D:4      | Noticed Pikel
   690 | D:4      | Noticed a slave
   690 | D:4      | Noticed a slave
   690 | D:4      | Noticed a slave
   690 | D:4      | Noticed a slave
   716 | D:3      | Slain by a slave

Vault maps used:
D:1:      nagdon_arrival_zigzag_paths, minmay_rat_gold_closets
D:2:      nemelex_xobeh_ov_fountains_minmay, uniq_sigmund
D:3:      grunt_temple_overflow_open
D:4:      nicolae_overflow_crystal_walls, minmay_temple_entry_enclosed_plants,
          uniq_pikel

Skill      XL: |  1  2 |
---------------+-------+-----
Hexes          | 3 |  3.0
Crossbows      | 2 |  2.0
Maces & Flails | 1 |  1.8
Fighting       | |  1.0
Dodging        | |  1.7
Spellcasting   | |  1.3

Action                   || total
-------------------------++-------
Melee: Mace              ||    35
 Fire: Hand crossbow     ||    11
 Cast: Corona            ||     3
  Use: Scroll            ||     1
Armor: Robe              ||    15
       Leather armour    ||     2
Dodge: Dodged            ||    36
